 Dungeon Crawl Stone Soup version 0.24.0-125-gc4c63601f3 (webtiles) character file.

Game seed: 15423077750588485195, levelgen mode: deterministic

107380 Amplified the Unseen (level 16, -2/87 HPs)
             Began as a Spriggan Wanderer on Feb 19, 2020.
             Was an Elder of Ashenzari.
             Slain by an alligator (5 damage)
             ... on level 1 of the Swamp.
             The game lasted 01:19:45 (38644 turns).

Amplified the Unseen (Spriggan Wanderer)           Turns: 38644, Time: 01:19:45

Health: -2/87      AC: 23    Str:  9    XL:     16   Next: 0%
Magic:  28/28      EV: 24    Int: 16    God:    Ashenzari [****..]
Gold:   674        SH: 11    Dex: 24    Spells: 21/23 levels left

rFire    + + +     SeeInvis +   Q - +4 quick blade (freeze)
rCold    + . .     Gourm    .   R - +2 buckler
rNeg     . . .     Faith    .   N - +8 fire dragon scales "Plog" {rElec rF++ rC- Dex+3 Stlth+} (curse)
rPois    +         Spirit   .   T - +0 hat {SInv}
rElec    +         Reflect  +   o - +2 cloak {rPois} (curse)
rCorr    .         Harm     .   (gloves unavailable)
MR       ++...     Clarity  +   (boots unavailable)
Stlth    ++++++++..             i - amulet "Acaupept" {Reflect rF+ Slay+2 SH+3} (curse)
HPRegen  0.24/turn              x - ring of protection from cold
MPRegen  0.21/turn              K - ring of protection from cold

@: about to teleport, very quick
A: very small, unfitting armour, camouflage 1, see invisible, herbivore, speed
3, slow metabolism 2, strong 1
a: Curse Item, Scrying, Renounce Religion


You were on level 1 of the Swamp.
You worshipped Ashenzari.
Ashenzari was greatly pleased with you.
You were hungry.

You visited 6 branches of the dungeon, and saw 26 of its levels.
You also visited: Gauntlet and Ice Cave.

You collected 2378 gold pieces.
You spent 1704 gold pieces at shops.

Inventory:

Hand Weapons
 d - a +1 dagger
 k - a +4 hunting sling of velocity
 n - the +2 scimitar of a Labyrinth {drain, rC+ Int+6 Dex+2}
   (You found it on level 2 of the Lair of Beasts)

   A truly terrible weapon, it drains the life of those it strikes.
   It affects your intelligence (+6).
   It affects your dexterity (+2).
   It protects you from cold.
 Q - a +4 quick blade of freezing (weapon)
 V - a +2 demon trident of electrocution
Missiles
 a - 11 poisoned darts
 e - 442 stones
 u - 60 sling bullets
 I - 3 curare-tipped darts (quivered)
Armour
 o - a cursed +2 cloak of poison resistance (worn)
 s - a +2 cloak
 w - a +2 robe of fire resistance
 N - the cursed +8 fire dragon scales "Plog" (worn) {rElec rF++ rC- Dex+3 Stlth+}
   (You found it on level 5 of the Lair of Beasts)

   It affects your dexterity (+3).
   It greatly protects you from fire.
   It makes you vulnerable to cold.
   It insulates you from electricity.
   It makes you more stealthy.
   It has a curse placed upon it.
 R - a +2 buckler (worn)
 T - a +0 hat of see invisible (worn)
Jewellery
 i - the cursed amulet "Acaupept" (around neck) {Reflect rF+ Slay+2 SH+3}
   (You found it in a Gauntlet)

   [amulet of reflection]

   It shields you and reflects attacks.
   It affects your accuracy and damage with ranged weapons and melee attacks
   (+2).
   It protects you from fire.
   It affects your SH (+3).
   It has a curse placed upon it.
 l - an uncursed amulet of faith
 r - an uncursed ring of flight
 x - a ring of protection from cold (left hand)
 y - the ring "Jaecoc" {Fire rN+}
   (You found it in a Gauntlet)

   [ring of fire]

   It enhances your fire magic.
   It protects you from fire.
   It makes you vulnerable to cold.
   It protects you from negative energy.
 H - an uncursed ring of resist corrosion
 K - a ring of protection from cold (right hand)
 M - an uncursed ring of poison resistance
 S - a cursed ring of protection from cold
Wands
 p - a wand of flame (5)
 v - a wand of random effects (16)
 F - a wand of digging (1)
 O - a wand of disintegration (2)
 U - a wand of acid (3)
Scrolls
 g - 4 scrolls of fog
 j - 12 scrolls of teleportation
 m - 3 scrolls of immolation
 C - 5 scrolls of amnesia
 E - 2 scrolls of identify
 P - a scroll of torment
Potions
 b - 4 potions of magic
 c - 12 potions of curing
 h - 2 potions of might
 q - 3 potions of brilliance
 t - 3 potions of haste
 z - 4 potions of lignification
 A - 2 potions of agility
 B - a potion of ambrosia
 D - 2 potions of heal wounds
 G - 2 potions of mutation
 J - a potion of cancellation
Miscellaneous
 L - a phantom mirror
Comestibles
 f - 38 rations


   Skills:
 + Level 11.0 Fighting
 - Level 1.7 Short Blades
 - Level 12.1 Slings
 - Level 1.0(6.6) Throwing
 - Level 8.6(10.8) Armour
 - Level 15.8(17.7) Dodging
 - Level 19.3 Stealth
 * Level 4.3 Spellcasting
 * Level 5.2 Translocations
 - Level 15.0 Evocations


You had 21 spell levels left.
You knew the following spells:

 Your Spells              Type           Power        Failure   Level  Hunger
a - Blink                 Tloc           N/A          34%         2    ##.....

Your spell library contained the following spells:

 Spells                   Type           Power        Failure   Level  Hunger
 Beastly Appendage        Tmut           #.....       90%         1    None
 Corona                   Hex            #......      90%         1    None
 Flame Tongue             Conj/Fire      #....        90%         1    None
 Infusion                 Chrm           #...         90%         1    None
 Magic Dart               Conj           #...         90%         1    None
 Shock                    Conj/Air       #...         90%         1    None
 Sting                    Conj/Pois      #...         90%         1    None
 Recall                   Summ/Tloc      N/A          90%         3    ###....
 Call Imp                 Summ           #.......     97%         2    ##.....
 Ensorcelled Hibernation  Hex/Ice        #.....       97%         2    ##.....
 Poisonous Vapours        Pois/Air       #.....       97%         2    ##.....
 Slow                     Hex            #.......     97%         2    ##.....
 Sticks to Snakes         Tmut           #.......     97%         2    ##.....
 Swiftness                Chrm/Air       #.......     97%         2    ##.....
 Throw Flame              Conj/Fire      #.....       97%         2    ##.....
 Confuse                  Hex            #.......     99%         3    ###....
 Conjure Flame            Conj/Fire      #.......     99%         3    ###....
 Dazzling Spray           Conj/Hex       #.....       99%         3    ###....
 Inner Flame              Hex/Fire       #.......     99%         3    ###....
 Mephitic Cloud           Conj/Pois/Air  #.......     99%         3    ###....
 Spider Form              Tmut/Pois      #.........   99%         3    ###....
 Static Discharge         Conj/Air       #.......     99%         3    ###....
 Stone Arrow              Conj/Erth      #.....       99%         3    ###....
 Tukima's Dance           Hex            #.......     99%         3    ###....
 Airstrike                Air            #.........   100%        4    ####...
 Animate Dead             Necr           N/A          100%        4    ####...
 Cause Fear               Hex            #.........   100%        4    ####...
 Ice Form                 Ice/Tmut       #.......     100%        4    ####...
 Olgreb's Toxic Radiance  Pois           #.......     100%        4    ####...
 Sticky Flame             Conj/Fire      #.......     100%        4    ####...
 Blade Hands              Tmut           #.........   100%        5    ######.
 Borgnjor's Vile Clutch   Necr/Erth      #.........   100%        5    ######.
 Fireball                 Conj/Fire      #.........   100%        5    ######.
 Irradiate                Conj/Tmut      #.........   100%        5    ######.
 Lightning Bolt           Conj/Air       #.........   100%        5    ######.
 Metabolic Englaciation   Hex/Ice        #.........   100%        5    ######.
 Silence                  Hex/Air        #.........   100%        5    ######.
 Venom Bolt               Conj/Pois      #.........   100%        5    ######.
 Yara's Violent Unravell  Hex/Tmut       #.........   100%        5    ######.
 Bolt of Cold             Conj/Ice       #.........   100%        6    #######
 Death Channel            Necr           #.........   100%        6    #######
 Deflect Missiles         Chrm/Air       #.........   100%        6    #######
 Freezing Cloud           Conj/Ice/Air   #.........   100%        6    #######
 Hydra Form               Tmut           #.........   100%        6    #######
 Ozocubu's Refrigeration  Ice            #.........   100%        6    #######
 Simulacrum               Ice/Necr       #.........   100%        6    #######
 Statue Form              Tmut/Erth      #........    100%        6    #######
 Dragon Form              Tmut           #.........   100%        7    #######
 Ring of Flames           Chrm/Fire      #.........   100%        7    #######
 Discord                  Hex            #.........   100%        8    #######


Dungeon Overview and Level Annotations

Branches:
Dungeon (15/15)            Temple (1/1) D:6            Lair (6/6) D:10
  Swamp (1/4) Lair:2       Spider (0/4) Lair:3        Slime (0/5) Lair:5
    Orc (2/2) D:12            Elf (1/3) Orc:2        Vaults (0/5) D:13
 Depths (0/5) D:15          IceCv (visited)         Gauntlet (visited)

Altars:
Ashenzari
Cheibriados
Dithmenos
Elyvilon
Fedhas
Gozag
Hepliaklqana
Kikubaaqudgha
Makhleb
Nemelex Xobeh
Okawaru
Qazlal
Ru
Sif Muna
Trog
Uskayaw
Vehumet
Wu Jian
Xom
Yredelemnul
Zin
The Shining One
Jiyva

Shops:
D:6 }   D:12 [   D:15 *   Orc:2 ([*

Annotations:
D:8 1 runed translucent door
D:9 Spellsonline
Orc:1 Get spells going


Innate Abilities, Weirdness & Mutations

You are very small and have problems with some larger weapons.
You are too small for most types of armour.
You have supernaturally acute eyesight. (SInv)
You are a herbivore.
You cover ground extremely quickly.
You need to consume almost no food.
Your skin changes colour to match your surroundings (Stealth+).
Your muscles are strong. (Str +2)


Message History

You have reached level 16!
The alligator bites you. The alligator completely misses you.
The alligator closely misses you. The alligator barely misses you.
You enter the shallow water.
Moving in this stuff is going to be slow.
You block the alligator's attack. The alligator tail-slaps you.
The alligator bites you.
* * * LOW HITPOINT WARNING * * *
The alligator closely misses you. The alligator bites you!
* * * LOW HITPOINT WARNING * * *
You block the alligator's attack.
As you read the scroll of teleportation, it crumbles to dust.
You feel strangely unstable. The alligator misses you. x2
The alligator bites you!
* * * LOW HITPOINT WARNING * * *
The alligator tail-slaps you but does no damage.
The alligator bites you but does no damage.
The alligator tail-slaps you.
You die...

≈ ≈
*..≈≈≈≈≈≈.≈♣♣.....≈♣
..≈≈♣≈≈≈†.♣♣..♣...♣ ,
*
≈≈≈≈≈≈≈≈..≈♣♣♣♣.(♣♣♣♣
≈ ,
.≈≈≈.≈≈≈.≈≈.≈♣(≈(.≈≈♣♣
≈≈
..≈...≈.≈≈≈≈≈..≈≈≈≈≈.♣
♣...♣♣..≈≈≈≈≈..≈≈≈≈≈>♣
≈,≈♣♣♣
♣♣♣.≈≈≈≈.≈.....♣♣ , ,
♣≈tt≈..≈...≈≈♣ , ≈
♣♣.@.≈.≈≈♣♣♣≈♣ ,, , ≈
♣♣♣♣≈≈≈≈♣ ♣♣ ≈ ♣.≈≈.♣
* ♣♣..... ** ,* ♣♣♣...
* ≈≈.% * ,,. * *,,,≈ *
,,**


You could see 2 alligators.

Vanquished Creatures
  Jorgrun (D:12)
  2 Ice Fiends (IceCv)
  Kirke (D:12)
  A fire giant (D:15)
  An ironheart preserver (D:13)
  Nessos (Lair:5)
  2 minotaurs
  A fire dragon (Lair:6)
  Josephine (D:14)
  The ghost of Gylihoan the Geomancer, a journeyman DgEE (D:10)
  An ogre mage (D:15)
  7 hydras
  Erica (D:10)
  2 centaur warriors
  2 catoblepae
  7 two-headed ogres
  2 alligators (Swamp:1)
  An orc high priest (Orc:2)
  A deep elf knight (D:15)
  Nergalle (D:11)
  4 skeletal warriors (D:14)
  The ghost of kuilvaprogi the Spear-Bearer, a novice DrGl of Dithmenos (D:9)
  A fire crab (Gauntlet)
  2 swamp dragons
  An unseen horror (D:10)
  A wizard (D:14)
  A wolf spider (Lair:6)
  An orange crystal statue (D:12)
  A deep elf mage (D:14)
  5 oklob plants
  Pikel (D:5)
  6 ugly things
  2 cyclopes
  5 manticores
  9 slime creatures
  13 elephants
  Maurice (D:12)
  Joseph (D:7)
  12 black mambas
  3 gargoyles
  A water nymph (Orc:2)
  A guardian serpent (Lair:6)
  2 ice statues (IceCv)
  12 spiny frogs
  3 centaur skeletons
  11 komodo dragons
  A kobold demonologist (D:11)
  2 rime drakes (Lair:6)
  13 ice devils
  4 jumping spiders (Lair:3)
  A meliai (shapeshifter) (D:13)
  A tengu conjurer (D:15)
  7 trolls
  4 hornets
  12 blink frogs
  16 hippogriffs
  2 vampires (D:14)
  Sigmund (D:2)
  A shadow (D:9)
  A redback (Lair:6)
  A yak (shapeshifter) (Gauntlet)
  A spriggan (shapeshifter) (Gauntlet)
  20 yaks
  11 hogs
  5 wraiths (D:14)
  5 basilisks
  10 wyverns
  4 fire bats (Gauntlet)
  A human (D:7)
  2 steam dragons (Lair:6)
  6 hungry ghosts
  Grum (Lair:1)
  A warg (Orc:2)
  2 acid dragons
  29 water moccasins
  8 porcupines
  4 black bears
  A hornet zombie (D:15)
  5 sky beasts
  A swamp drake (Lair:6)
  41 orc warriors
  3 slaves (D:5)
  2 eyes of draining
  4 phantoms
  4 ice beasts
  17 ogres
  13 centaurs
  12 wolves
  14 crocodiles
  5 big kobolds
  13 bullfrogs
  3 wyvern skeletons
  6 scorpions
  A water moccasin skeleton (D:6)
  8 killer bees
  An electric eel (D:10)
  A wight (D:13)
  2 howler monkeys
  8 crimson imps
  2 bullfrog zombies
  2 centaur zombies
  2 quasits
  14 hounds
  A jelly (D:13)
  10 orc priests
  2 bullfrog skeletons
  Crazy Yiuf (D:7)
  6 iguanas
  21 orc wizards
  10 worker ants
  A killer bee zombie (D:10)
  8 gnolls
  11 adders
  A howler monkey skeleton (D:9)
  7 shadow imps
  5 white imps (IceCv)
  7 ufetubi (IceCv)
  An ooze (D:3)
  2 adder zombies
  5 worms
  A dart slug (D:2)
  2 leopard geckos
  67 orcs
  A ball python (D:1)
  11 giant cockroaches
  6 hobgoblins
  6 quokkas
  15 bats
  6 frilled lizards
  10 goblins
  29 kobolds
  2 leopard gecko skeletons (D:4)
  A quokka skeleton (D:7)
  11 rats
  A butterfly (Lair:3)
  A fungus (D:7)
  A plant (Lair:5)
770 creatures vanquished.

Vanquished Creatures (collateral kills)
  2 orc warriors (Orc:2)
  An ogre (Orc:2)
  An orc priest (Orc:2)
  4 orcs (Orc:2)
8 creatures vanquished.

Vanquished Creatures (others)
  A slave (D:5)
  An orc warrior (Orc:2)
  2 white imps (IceCv)
  5 ufetubi (IceCv)
  A giant cockroach (D:5)
  A bush (Lair:3)
  6 fungi
  18 plants
  A withered plant (Gauntlet)
36 creatures vanquished.

Grand Total: 814 creatures vanquished

Notes
Turn   | Place    | Note
-------+----------+-------------------------------------------
     0 | D:1      | Amplified the Spriggan Wanderer began the quest for the
                  | Orb.
     0 | D:1      | Amplified set off with the following items: a +0 spear, a
                  | +2 robe, a potion of curing, a +0 dagger, a ration
     0 | D:1      | Reached XP level 1. HP: 11/11 MP: 2/2
   280 | D:1      | Reached XP level 2. HP: 11/16 MP: 3/3
   486 | D:1      | Reached skill level 1 in Short Blades
   847 | D:2      | Noticed Sigmund
  1216 | D:1      | Reached XP level 3. HP: 13/19 MP: 4/4
  1403 | D:1      | You fall into a shaft and drop 1 floor!
  1409 | D:2      | Found a shimmering altar of Xom.
  1763 | D:1      | Reached skill level 4 in Stealth
  2808 | D:3      | Reached XP level 4. HP: 23/23 MP: 5/5
  2928 | D:3      | Reached skill level 1 in Slings
  4034 | D:4      | Noticed a phantom
  4065 | D:5      | Entered Level 5 of the Dungeon
  4095 | D:4      | Noticed an ogre
  4136 | D:4      | Killed an ogre
  4136 | D:4      | Reached skill level 5 in Stealth
  4136 | D:4      | Reached XP level 5. HP: 26/28 MP: 6/6
  4209 | D:4      | Reached XP level 6. HP: 32/32 MP: 7/7
  4339 | D:4      | Reached skill level 6 in Stealth
  4845 | D:4      | Found a shattered altar of Ashenzari.
  4974 | D:5      | Reached XP level 7. HP: 33/37 MP: 8/8
  5203 | D:5      | Noticed Pikel
  5209 | D:5      | Gained mutation: Your skin changes colour to match your
                  | surroundings (Stealth+). [potion of mutation]
  5209 | D:5      | Gained mutation: Your muscles are strong. (Str +2) [potion
                  | of mutation]
  5246 | D:5      | Noticed a gargoyle
  5541 | D:6      | Reached skill level 7 in Stealth
  5814 | D:6      | Reached skill level 1 in Evocations
  5921 | D:6      | Found a staircase to the Ecumenical Temple.
  5976 | D:6      | Found Vogarudu's Gadget Emporium.
  5990 | D:6      | Reached skill level 5 in Slings
  6003 | D:6      | Reached XP level 8. HP: 18/42 MP: 11/11
  6288 | Temple   | Entered the Ecumenical Temple
  6404 | Temple   | Became a worshipper of Ashenzari the Shackled
  6916 | D:5      | Killed Pikel
  7126 | D:5      | Killed a gargoyle
  7126 | D:5      | Reached XP level 9. HP: 44/45 MP: 15/15
  7593 | D:2      | Killed Sigmund
  7689 | D:7      | Noticed Joseph
  7694 | D:7      | Killed Joseph
  7987 | D:7      | Reached skill level 10 in Slings
  7996 | D:7      | Reached skill level 10 in Evocations
  8433 | D:7      | Reached skill level 8 in Stealth
  8590 | D:7      | Got the cursed mace of Profit {elec, +Fly rPois Str+4
                  | Stlth+}
  8591 | D:7      | Identified the cursed +0 mace of Profit {elec, +Fly rPois
                  | Str+4 Stlth+} (You found it on level 7 of the Dungeon)
  8624 | D:7      | Found a runed translucent door.
  8625 | D:7      | Noticed Crazy Yiuf
  8643 | D:7      | Killed Crazy Yiuf
  8760 | D:8      | Noticed a cyclops
  8853 | D:8      | Reached * piety under Ashenzari
  8870 | D:8      | Reached XP level 10. HP: 27/50 MP: 18/18
  9019 | D:8      | Killed a cyclops
  9019 | D:8      | Reached skill level 9 in Stealth
  9529 | D:8      | Found a glowing silver altar of Zin.
  9530 | D:8      | Found a runed translucent door.
  9530 | D:8      | Noticed an angel
  9779 | D:9      | Reached skill level 10 in Stealth
  9900 | D:9      | Found a transporter.
  9941 | D:9      | Noticed kuilvaprogi's ghost (novice DrGl)
  9944 | D:9      | Found a transporter.
 10151 | D:9      | Found a burning altar of Makhleb.
 10324 | D:10     | Entered Level 10 of the Dungeon
 10386 | D:10     | Reached skill level 11 in Stealth
 10505 | D:10     | Found a staircase to the Lair.
 10682 | D:10     | Noticed an unseen horror
 10686 | D:10     | Killed an unseen horror
 10756 | D:10     | Reached skill level 12 in Stealth
 11055 | D:10     | Reached skill level 5 in Fighting
 11073 | D:10     | Reached XP level 11. HP: 54/55 MP: 19/19
 11290 | D:10     | Found a large runed translucent door.
 11291 | D:10     | Found a large runed translucent door.
 11293 | D:10     | Noticed Gylihoan's ghost (journeyman DgEE)
 11315 | D:10     | Noticed Erica
 11330 | D:10     | Killed Erica
 11330 | D:10     | Reached skill level 10 in Dodging
 11347 | D:10     | Reached ** piety under Ashenzari
 11752 | D:11     | Reached skill level 13 in Stealth
 11945 | D:11     | Noticed a seven-headed hydra
 11967 | D:11     | Killed a seven-headed hydra
 12059 | D:11     | Noticed Nergalle
 12066 | D:11     | Killed Nergalle
 12507 | D:12     | Found a runed translucent door.
 12521 | D:12     | Found a runed translucent door.
 12537 | D:12     | Found a runed translucent door.
 12706 | D:12     | Found a runed translucent door.
 12755 | D:12     | Reached skill level 14 in Stealth
 12893 | D:12     | Noticed a two-headed ogre
 12910 | D:12     | Killed a two-headed ogre
 13034 | D:12     | Noticed Kirke
 13041 | D:12     | Noticed Jorgrun
 13061 | D:12     | Found a staircase to the Orcish Mines.
 13280 | Lair:1   | Entered Level 1 of the Lair of Beasts
 13350 | Lair:1   | Reached XP level 12. HP: 63/63 MP: 20/20
 13551 | Lair:1   | Noticed Grum
 13556 | Lair:1   | Killed Grum
 13638 | Lair:1   | Reached skill level 15 in Stealth
 13668 | Lair:1   | Found a shimmering blue altar of Sif Muna.
 14469 | Lair:2   | Got the scimitar of a Labyrinth {drain, rC+ Int+6 Dex+2}
 14474 | Lair:2   | Identified the +2 scimitar of a Labyrinth {drain, rC+ Int+6
                  | Dex+2} (You found it on level 2 of the Lair of Beasts)
 14901 | Lair:2   | Found a staircase to the Swamp.
 15202 | Lair:2   | Reached *** piety under Ashenzari
 15376 | Lair:2   | Reached skill level 16 in Stealth
 16811 | Lair:3   | Found a hole to the Spider Nest.
 17217 | Lair:3   | Reached XP level 13. HP: 69/69 MP: 22/22
 18527 | Lair:4   | Reached **** piety under Ashenzari
 19141 | Lair:4   | Reached skill level 17 in Stealth
 19844 | Lair:5   | Noticed Nessos
 20090 | Lair:5   | Killed Nessos
 20321 | Lair:5   | Found a staircase to the Slime Pits.
 20322 | Lair:5   | Found a viscous altar of Jiyva.
 20907 | Lair:5   | Got the uncursed fire dragon scales "Plog" {rElec rF++ rC-
                  | Dex+3 Stlth+}
 20918 | Lair:5   | Identified the +8 fire dragon scales "Plog" {rElec rF++ rC-
                  | Dex+3 Stlth+} (You found it on level 5 of the Lair of
                  | Beasts)
 21508 | Lair:6   | Entered Level 6 of the Lair of Beasts
 21766 | Lair:6   | Reached skill level 1 in Armour
 22694 | Lair:6   | Reached skill level 18 in Stealth
 22720 | Lair:6   | Reached XP level 14. HP: 76/76 MP: 25/25
 23479 | Lair:6   | Reached skill level 10 in Fighting
 23975 | Lair:6   | Reached ***** piety under Ashenzari
 25033 | D:12     | Killed Jorgrun
 25033 | D:12     | Reached skill level 5 in Armour
 25353 | D:12     | Noticed Maurice
 25371 | D:12     | Killed Maurice
 25737 | D:12     | Killed Kirke
 25852 | D:12     | Found Cheibriados's Comfort Zone.
 25854 | D:12     | Found a snail-covered altar of Cheibriados.
 26316 | Orc:1    | Entered Level 1 of the Orcish Mines
 26844 | Orc:2    | Entered Level 2 of the Orcish Mines
 26844 | Orc:2    | Noticed an orc warlord
 27500 | Orc:2    | Found Zumyb's Weapon Boutique.
 28007 | Orc:2    | Found a staircase to the Elven Halls.
 28380 | Orc:2    | an orc warlord changed into a minotaur
 28801 | Orc:2    | Found Nozuylef's Assorted Antiques.
 28801 | Orc:2    | Found Xeuptuno's Food Shop.
 28803 | Orc:2    | Found Nusobif's Antique Armour Boutique.
 28805 | Orc:2    | Found Haukluma's Weapon Emporium.
 28809 | Orc:2    | Bought a scroll labeled BEFIBA YQOO for 23 gold pieces
 28811 | Orc:2    | Bought a ration for 55 gold pieces
 28811 | Orc:2    | Bought a ration for 55 gold pieces
 28811 | Orc:2    | Bought a ration for 55 gold pieces
 28811 | Orc:2    | Bought a ration for 55 gold pieces
 28811 | Orc:2    | Bought a ration for 55 gold pieces
 28811 | Orc:2    | Bought a ration for 55 gold pieces
 28811 | Orc:2    | Bought a ration for 55 gold pieces
 28811 | Orc:2    | Bought a ration for 55 gold pieces
 28811 | Orc:2    | Bought a ration for 55 gold pieces
 28811 | Orc:2    | Bought a ration for 55 gold pieces
 28818 | Orc:2    | Bought 2 potions of curing for 138 gold pieces
 28818 | Orc:2    | Bought a bronze wand for 92 gold pieces
 29036 | Orc:2    | Bought a scroll of remove curse for 69 gold pieces
 29875 | D:13     | Identified a scroll of acquirement
 29938 | D:13     | Reached XP level 15. HP: 73/80 MP: 26/26
 30348 | D:13     | Found a gate to the Vaults.
 31655 | D:14     | Noticed Josephine
 32126 | D:14     | Reached skill level 15 in Dodging
 33273 | D:14     | Killed Josephine
 33561 | D:15     | Entered Level 15 of the Dungeon
 33564 | D:15     | Found a gate leading to a gauntlet.
 33572 | Gauntlet | Entered a Gauntlet
 33572 | Gauntlet | Found a transporter.
 33572 | Gauntlet | Found a transporter.
 33572 | Gauntlet | Found a transporter.
 33593 | Gauntlet | Found a transporter.
 33606 | Gauntlet | Found a transporter.
 33608 | Gauntlet | Found a transporter.
 33618 | Gauntlet | Found a transporter.
 33635 | Gauntlet | Found a transporter.
 33649 | Gauntlet | Found a transporter.
 33652 | Gauntlet | Found a transporter.
 33654 | Gauntlet | Identified the ring "Jaecoc" {Fire rN+}
 33661 | Gauntlet | Found a transporter.
 33663 | Gauntlet | Found a transporter.
 33664 | Gauntlet | Identified the amulet "Acaupept" {Reflect rF+ Slay+2 SH+3}
 33990 | Gauntlet | Identified the Guide on Augmentations and the Rocks
 34040 | D:15     | Found a staircase to the Depths.
 34040 | D:15     | Noticed a fire giant
 34061 | D:15     | Killed a fire giant
 34061 | D:15     | Reached skill level 19 in Stealth
 34867 | D:15     | Found Xosm's Assorted Antiques.
 34870 | D:15     | Bought a potion of heal wounds for 130 gold pieces
 34870 | D:15     | Bought a scroll of teleportation for 78 gold pieces
 34870 | D:15     | Bought a scroll of teleportation for 78 gold pieces
 34870 | D:15     | Bought a runed bronze wand for 104 gold pieces
 34870 | D:15     | Bought a scroll of fog for 52 gold pieces
 35305 | D:10     | Killed Gylihoan's ghost
 35449 | D:9      | Killed kuilvaprogi's ghost
 35449 | D:9      | Reached skill level 15 in Evocations
 35625 | D:9      | Learned a level 2 spell: Blink
 35776 | D:15     | Bought a hardcover book for 390 gold pieces
 35915 | Elf:1    | Entered Level 1 of the Elven Halls
 36207 | Swamp:1  | Entered Level 1 of the Swamp
 36238 | Swamp:1  | Reached skill level 1 in Translocations
 36249 | Swamp:1  | Found a frozen archway.
 36260 | IceCv    | Entered an ice cave
 36656 | IceCv    | Reached skill level 1 in Spellcasting
 37818 | IceCv    | Noticed an Ice Fiend
 38441 | IceCv    | Noticed an Ice Fiend
 38459 | IceCv    | Killed an Ice Fiend
 38460 | IceCv    | Killed an Ice Fiend
 38625 | Swamp:1  | Reached skill level 5 in Translocations
 38637 | Swamp:1  | Reached XP level 16. HP: 36/87 MP: 28/28
 38644 | Swamp:1  | HP: 3/87 [alligator (14)]
 38644 | Swamp:1  | Slain by an alligator

Levels and vault maps discovered:
D:1:      dpeg_arrival_rooms_with_view, layout_basic, minmay_tromino_i2
D:2:      layout_rooms, first_ration, xom_teletrap_fun, uniq_sigmund
D:3:      layout_loops_cross
D:4:      kennysheep_six_static_rooms, layout_basic, evilmike_ruin_ashenzari
D:5:      layout_basic, uniq_pikel
D:6:      layout_loops_ring, minmay_temple_entry_poolview, serial_shops, shop
D:7:      layout_loops_cross, grunt_livestock, due_unseen_surprise,
          uniq_crazy_yiuf_cottage, uniq_joseph
D:8:      layout_rooms, lemuel_angel_altar
D:9:      layout_rooms, old_standard_altar, gammafunk_ghost_arena
D:10:     layout_loops_ring, erik_lair_island, ebering_ghost_disaster_area,
          uniq_erica
D:11:     layout_rooms, uniq_nergalle
D:12:     layout_gridville, david_orc_3, minmay_shop_chei,
          minmay_statue_crystal_thing, uniq_maurice, uniq_jorgrun, uniq_kirke
D:13:     layout_irregular_city, skrybe_vaults_entry_preservation
D:14:     layout_layer_cave, corexii_leaking_fountain, uniq_josephine
D:15:     grunt_enter_depths_giant_problem, layout_loops_ring, serial_shops,
          shop, gauntlet_entry_generic
Temple:   dpeg_three_leaves_temple
Lair:1:   layout_misc_corridors, basic_altar, uniq_grum
Lair:2:   layout_chaotic_city, swamp_mist
Lair:3:   layout_regular_city, spider_nest_entry_funnel_web, lemuel_fruit_fields
Lair:4:   layout_cave_pods, infiniplex_staircase_pool_2, lemuel_fruit_fields
Lair:5:   layout_small_grid, slime_altar_1, st_stairs_10,
          minmay_lair_oklob_chamber, lemuel_fruit_fields, grunt_megastairs_5,
          uniq_nessos
Lair:6:   guppyfry_lair_end_dragon, layout_cave_pods,
          hangedman_lair_tendril_chambers, grunt_megastairs_3
Swamp:1:  layout_basic_swamp, portal_ice_cave_entry_pillars_three,
          nicolae_swamp_fairy_circle, uniq_louise
Orc:1:    layout_caves
Orc:2:    st_orc_rangers, layout_caves, serial_shops, shop
Elf:1:    layout_gridlike, minmay_elf_annihilation

Skill      XL: |  1  2  3  4  5  6  7  8  9 10 11 12 13 14 15 |
---------------+----------------------------------------------+-----
Dodging        | 6 7 8 9 11 13 14 15 | 15.8
Short Blades   | 1 |  1.7
Stealth        | 4 5 6 7 8 12 14 16 18 19 | 19.3
Fighting       | 3 4 5 7 8 9 10 11 | 11.0
Slings         | 2 3 5 8 10 12 | 12.1
Evocations     | 3 7 10 11 13 15 | 15.0
Armour         | 1 8 |  8.6
Translocations | 5 |  5.2
Spellcasting   | 4 |  4.3
Throwing       | |  1.0

Action                   |  1- 3 |  4- 6 |  7- 9 | 10-12 | 13-15 | 16-18 || total
-------------------------+-------+-------+-------+-------+-------+-------++-------
Melee: Dagger            |   314 |       |    26 |       |    12 |       ||   352
       Hunting sling     |       |       |     1 |       |       |       ||     1
       Quick blade       |       |       |       |       |    26 |       ||    26
       Scimitar          |       |       |       |       |    17 |       ||    17
 Fire: Hunting sling     |    29 |   209 |   403 |  1299 |  3527 |       ||  5467
Throw: Stone             |     7 |       |       |       |       |       ||     7
       Dart              |       |       |       |       |    24 |       ||    24
Invok: Curse Item        |       |       |       |       |     3 |       ||     3
       Scrying           |       |       |       |       |     1 |       ||     1
Evoke: Wand              |       |       |     6 |    62 |   117 |       ||   185
  Use: Scroll            |     8 |     8 |     8 |     9 |    19 |     1 ||    53
       Potion            |     3 |     2 |     2 |       |    22 |       ||    29
 Stab: Sleeping          |    13 |       |     1 |       |     7 |       ||    21
       Distracted        |     1 |       |       |       |       |       ||     1
       Paralysed         |       |       |       |       |     3 |       ||     3
  Eat: Ration            |       |     1 |     2 |     2 |     9 |       ||    14
Armor: Robe              |    45 |     5 |    19 |    20 |     9 |       ||    98
       Skin              |       |     6 |       |       |       |       ||     6
       Fire dragon scale |       |       |       |       |   269 |     2 ||   271
Dodge: Dodged            |   359 |    55 |   140 |   233 |   968 |     6 ||  1761
Block: Buckler           |       |       |       |       |   177 |     2 ||   179
       Other             |       |       |       |       |     8 |       ||     8
       Reflection        |       |       |       |       |     5 |       ||     5
       Rpst.: Scimitar   |       |       |       |       |     9 |       ||     9
